 Seeded DCSS version 0.27-a0-1565-gad902ab807 (webtiles) character file.

Game seed: 20210717 (custom seed)

53 Sopht the Slasher (level 3, -2/23 HPs)
             Began as a Tengu Berserker on July 17, 2021.
             Was a Believer of Trog.
             Slain by a hobgoblin (6 damage)
             ... on level 2 of the Dungeon.
             The game lasted 00:04:22 (1458 turns).

Sopht the Slasher (Tengu Berserker)                 Turns: 1458, Time: 00:04:23

Health: -2/23      AC:  2    Str: 18    XL:     3   Next: 87%
Magic:  4/4        EV: 12    Int:  7    God:    Trog [**....]
Gold:   13         SH:  0    Dex: 13    Spells: 2/2 levels left

rFire    . . .     SeeInvis .   a - +0 falchion
rCold    . . .     Faith    .   (no shield)
rNeg     . . .     Spirit   .   b - +0 animal skin
rPois    .         Reflect  .   (helmet restricted)
rElec    .         Harm     .   (no cloak)
rCorr    .         Rampage  .   (no gloves)
Will     .....                  (boots unavailable)
Stlth    +.........             (no amulet)
HPRegen  0.07/turn              (no ring)
MPRegen  0.09/turn              (no ring)

@: no status effects
A: beak, talons 3
a: Renounce Religion, Berserk, Trog's Hand


You were on level 2 of the Dungeon.
You worshipped Trog.
Trog was pleased with you.
You visited 1 branch of the dungeon, and saw 2 of its levels.

You collected 13 gold pieces.

Inventory:

Hand Weapons
 a - a +0 falchion (weapon)
Armour
 b - a +0 animal skin (worn)
Scrolls
 c - a scroll of amnesia {unknown}
 e - a scroll of enchant armour {unknown}
Potions
 d - a potion of attraction


   Skills:
 + Level 3.4 Fighting
 + Level 4.1 Long Blades
 + Level 2.6 Armour
 + Level 2.8 Dodging
 + Level 0.3 Stealth


You had 2 spell levels left.
You didn't know any spells.
Your spell library was empty.

Dungeon Overview and Level Annotations

Branches:
Dungeon (2/15)

Altars:


Innate Abilities, Weirdness & Mutations

You have a beak for a mouth.
You have claws for feet.


Message History

You feel yourself slow down.
You see here a giant cockroach corpse.
You feel yourself speed up.
You recover from your berserk rage.
e - a scroll labelled XUIRAI TUNKUFF An adder comes into view.
The adder hisses angrily.
You hit the adder. Your kick misses the adder. Your peck misses the adder.
The adder is heavily wounded.
The adder bites you.
You are poisoned.
The adder poisons you!
You closely miss the adder. Your kick misses the adder.
Your peck misses the adder.
The adder is heavily wounded.
You feel sick. The adder barely misses you. The adder misses you.
You hit the adder. You peck the adder.
The adder is severely wounded.
You feel sick. The adder barely misses you.
You slash the adder!
You kill the adder!
Trog accepts your kill.
You feel sick.
You feel sick.
You are no longer poisoned.
You see here a +1 pair of boots.
A hobgoblin comes into view. It is wielding a +0 mace.
Found 11 gold pieces.
The hobgoblin shouts!
You hit the hobgoblin. Your kick misses the hobgoblin.
The hobgoblin is heavily wounded.
The hobgoblin closely misses you.
You hit the hobgoblin but do no damage.
The hobgoblin is heavily wounded.
The hobgoblin hits you with a +0 mace. The hobgoblin hits you with a +0 mace!
* * * LOW HITPOINT WARNING * * *
You closely miss the hobgoblin. Your kick misses the hobgoblin.
The hobgoblin is heavily wounded.
The hobgoblin hits you with a +0 mace.
You die...

#........###.#
#.........$#.
...........^
#...........
#..........# #
#..........# .# #
#..........##.#.#
###.....g@........
##.................
##.........#........
#...........[.......
#.........##........
#.........##........
#........<..........
#...................
##.......###........


You could see a hobgoblin.

Vanquished Creatures
  An adder (D:2)
  A dart slug (D:1)
  3 bats (D:1)
  6 endoplasms
  2 giant cockroaches
  2 hobgoblins
  6 jackals
  2 kobolds (D:1)
  A quokka (D:1)
  4 ball pythons (D:1)
  A frilled lizard (D:1)
  3 goblins (D:1)
  5 rats
37 creatures vanquished.

Notes
Turn   | Place    | Note
-------+----------+-------------------------------------------
     0 | D:1      | Sopht the Tengu Berserker began the quest for the Orb.
     0 | D:1      | Reached XP level 1. HP: 14/14 MP: 2/2
   186 | D:1      | Reached XP level 2. HP: 12/19 MP: 3/3
   593 | D:1      | Found a faded altar of an unknown god.
   666 | D:1      | Reached XP level 3. HP: 21/23 MP: 4/4
   735 | D:1      | Reached skill level 4 in Long Blades
  1121 | D:2      | Reached ** piety under Trog
  1458 | D:2      | Slain by a hobgoblin

Illustrated notes

Levels and vault maps discovered:
D:1:      minmay_arrival_diagonal_passages, layout_loops_ring,
          shapermc_ecumenical_altar_starsandcircs, minmay_crystal_room
D:2:      layout_rooms, basic_altar, minmay_pentomino_o4,
          uniq_crazy_yiuf_cottage

Skill      XL: |  1  2  3 |
---------------+----------+-----
Long Blades    | 4 |  4.1
Fighting       | |  3.4
Armour         | |  2.6
Dodging        | |  2.8
Stealth        | |  0.3

Action                   || total
-------------------------++-------
Melee: Falchion          ||    65
       Kick              ||    20
       Peck              ||     9
Invok: Berserk           ||     1
  Use: Potion            ||     3
 Stab: Sleeping          ||     1
Armor: Animal skin       ||    16
Dodge: Dodged            ||    66
       Rpst.: Falchion   ||    15

Table legend: (Time is in decaauts)
 A = Elapsed time spent in this place.
 B = Non-inter-level travel time spent in this place.
 C = Inter-level travel time spent in this place.
 D = Time resting spent in this place.
 E = Time spent auto-exploring this place.
 F = Levels seen in this place.
 G = Mean time per level.
                   A        B        C        D        E       F      G
               +--------+--------+--------+--------+--------+-----+--------+
         Total |   1475 |   1475 |      0 |      0 |    824 |   2 |  737.5 |
       Dungeon |   1475 |   1475 |      0 |      0 |    824 |   2 |  737.5 |
               +--------+--------+--------+--------+--------+-----+--------+

Top non-repeatable levels by time:
     D:1: 1104 daAuts
     D:2: 370 daAuts
